 Dungeon Crawl Stone Soup version 0.30.1-3-gfc49f6343a (webtiles) character file.

Game seed: 9998995234229322520

126 sampeng1 the Chiller (level 5, -1/35 HPs)
             Began as a Human Ice Elementalist on July 28, 2023.
             Was a Believer of Vehumet.
             Slain by Terence
             ... wielding a +3 mace of venom
              (12 damage)
             ... on level 3 of the Dungeon.
             The game lasted 00:21:16 (2038 turns).

sampeng1 the Chiller (Human Ice Elementalist)       Turns: 2038, Time: 00:21:17

Health: -1/35      AC:  3    Str: 14    XL:     5   Next: 32%
Magic:  6/9        EV: 12    Int: 18    God:    Vehumet [**....]
Gold:   161        SH:  3    Dex: 13    Spells: 4/9 levels left

rFire   . . .        l - +0 whip (flame)
rCold   . . .        s - +0 buckler
rNeg    . . .        a - +0 robe
rPois   .            r - +0 helmet
rElec   .            (no cloak)
rCorr   .            (no gloves)
SInv    .            (no boots)
Will    .....        (no amulet)
Stlth   ++           i - +6 ring of strength
HPRegen 0.25/turn    (no ring)
MPRegen 0.11/turn

%: no passive effects
@: lethally poisoned (-1 -> -26), very slightly contaminated
A: no striking features
a: Renounce Religion


You were on level 3 of the Dungeon.
You worshipped Vehumet.
Vehumet was pleased with you.
You visited 1 branch of the dungeon, and saw 3 of its levels.

You collected 161 gold pieces.

Inventory:

Hand Weapons
 e - a +0 club
 g - a +0 war axe
 l - a +0 whip of flaming (weapon)
Missiles
 f - 32 stones
 j - 3 poisoned darts (quivered)
Armour
 a - a +0 robe (worn)
 r - a +0 helmet (worn)
 s - a +0 buckler (worn)
Magical Staves
 d - a staff of death
Jewellery
 i - a +6 ring of strength (left hand)
Scrolls
 b - a scroll of magic mapping {unknown}
 k - a scroll of immolation {unknown}
 m - a scroll of butterflies {unknown}
 n - a scroll of noise {unknown}
 o - 2 scrolls of identify {unknown}
 q - a scroll of teleportation
Potions
 c - a potion of attraction {unknown}
 h - 2 potions of curing
 p - a potion of haste {unknown}


   Skills:
 + Level 2.9 Dodging
 + Level 3.0 Stealth
 + Level 2.8 Spellcasting
 + Level 1.3 Conjurations
 + Level 4.5 Ice Magic


You had 4 spell levels left.
You knew the following spells:

 Your Spells              Type           Power      Damage    Failure   Level
a - Freeze                Ice            72%        1d8       3%          1
b - Magic Dart            Conj           28%        1d4       13%         1
c - Frozen Ramparts       Ice            36%        1d6       11%         3

Your spell library contained the following spells:

 Spells                   Type           Power      Damage    Failure   Level
 Kiss of Death            Conj/Necr      16%        2d6       17%         1
 Ozocubu's Armour         Ice            18%        N/A       11%         3
 Vhi's Electric Charge    Tloc/Air       4%         N/A       56%         3
 Summon Ice Beast         Ice/Summ       10%        N/A       65%         4
 Arcjolt                  Conj/Air       2%         1d12      99%         5
 Plasma Beam              Fire/Air       1%         2x1d12    100%        6


Dungeon Overview and Level Annotations

Branches:
Dungeon (3/15)

Altars:
Gozag
Sif Muna
Vehumet

Shops:
D:1 *   D:3 *[

Annotations:
D:3 Terence


Message History

Found a robe.
You now have 161 gold pieces (gained 7).
You see here a +0 robe.
A quokka is nearby!
Terence the Incautious comes into view.
He is wielding a +3 mace of venom and wearing a +8 chain mail of ponderousness.
Found 11 gold pieces.
Terence shouts!
A hobgoblin comes into view.
Terence screams, "I'm going to kill you!"
Casting: Freeze (safe; 3% risk of failure)
Confirm with . or Enter, or press ? or * to list all spells.
Aiming: Magic Dart (safe; 13% risk of failure)
Press: ? - help, Shift-Dir - straight line, f - Terence
Aim: Terence, wielding a +3 mace of venom and wearing a +8 chain mail of ponderousness (100% to hit)
The magic dart hits Terence but does no damage.
The hobgoblin shouts!
Casting: Magic Dart (safe; 13% risk of failure)
Confirm with . or Enter, or press ? or * to list all spells.
Aiming: Magic Dart (safe; 13% risk of failure)
Press: ? - help, Shift-Dir - straight line, f/p - Terence
Aim: Terence, wielding a +3 mace of venom and wearing a +8 chain mail of ponderousness (100% to hit)
You miscast Magic Dart.
You are very lightly contaminated with residual magic.
Nothing appears to happen.
You closely miss Terence.
Terence hits you with a +3 mace of venom.
You are poisoned.
You hit Terence but do no damage.
You feel very sick.
Terence hits you with a +3 mace of venom!
You are lethally poisoned!
Casting: Magic Dart (safe; 13% risk of failure)
Confirm with . or Enter, or press ? or * to list all spells.
Aiming: Magic Dart (safe; 13% risk of failure)
Press: ? - help, Shift-Dir - straight line, f/p - Terence
Aim: Terence, wielding a +3 mace of venom and wearing a +8 chain mail of ponderousness (100% to hit)
The magic dart hits Terence but does no damage.
You feel extremely sick.
Terence hits you with a +3 mace of venom!
You die...

#.≈≈.≈≈.....##.......[.....#
#.≈...≈.....'....#.#########
#.≈._.≈.....#..#.#.#
#≈≈...≈≈#####..#.#.#
#≈.....≈## ##.#.#.#
#≈.⌠.⌠.≈.# #####.#.#
#≈..∩..≈.# .. #.#.# #
.≈.⌠.⌠.≈.#.###.#.#.#####.###
.≈.....≈........@@g.........
.≈≈≈≈≈≈≈.#.###...#..........
#.###.####.# #...####..#.###
..# .. ...... ....# #.# ..
#####.# .##.# ### ### #.. ..
# # #$. .. # #.. ..# . ..#


You could see Terence and a hobgoblin.

Vanquished Creatures
  Robin (D:3)
  7 gnolls (D:3)
  A dart slug (D:1)
  2 orcs (D:3)
  An endoplasm (D:2)
  3 giant cockroaches
  7 goblins
  6 hobgoblins
  2 quokkas
  2 ball pythons
  3 bats
  4 frilled lizards
  3 kobolds
  2 rats (D:2)
44 creatures vanquished.

Notes
Turn   | Place    | Note
-------+----------+-------------------------------------------
     0 | D:1      | sampeng1 the Human Ice Elementalist began the quest for the
                  | Orb.
     0 | D:1      | Reached XP level 1. HP: 13/13 MP: 3/3
   219 | D:1      | Found Vamox's General Store.
   309 | D:1      | Reached XP level 2. HP: 14/19 MP: 3/5
   363 | D:1      | Found a faded altar of an unknown god.
   390 | D:1      | Prayed at the altar of an unknown god.
   390 | D:1      | Became a worshipper of Vehumet
   390 | D:1      | Reached * piety under Vehumet
   390 | D:1      | Offered knowledge of Magic Dart by Vehumet.
   915 | D:2      | Reached XP level 3. HP: 24/24 MP: 6/6
  1100 | D:2      | Learned a level 1 spell: Magic Dart
  1104 | D:2      | Learned a level 3 spell: Frozen Ramparts
  1262 | D:2      | Found a shimmering blue altar of Sif Muna.
  1414 | D:3      | Found Ufidew's Antique Armour Boutique.
  1471 | D:3      | Reached XP level 4. HP: 27/30 MP: 3/7
  1479 | D:3      | Reached ** piety under Vehumet
  1513 | D:3      | Offered knowledge of Kiss of Death by Vehumet.
  1603 | D:3      | Noticed Robin
  1611 | D:3      | Killed Robin
  1612 | D:3      | Reached skill level 1 in Conjurations
  1673 | D:3      | Reached XP level 5. HP: 14/35 MP: 3/9
  1857 | D:3      | Found Gozag's Platinum Reserve.
  1861 | D:3      | Found an opulent altar of Gozag.
  2025 | D:3      | Noticed Terence
  2038 | D:3      | Slain by Terence

Illustrated notes

Levels and vault maps discovered:
D:1:      scummos_arrival_star, layout_rooms, serial_shops,
          nicolae_shop_tiny_statue_garden,
          hellmonk_ecumenical_altar_inner_sanctum
D:2:      layout_loops_ring, basic_altar, moated_statue
D:3:      layout_basic, nicolae_gozag_zags_fifth_avenue,
          mainiacjoe_overflow_catch_the_wave, serial_shops, shop,
          minmay_misc_feat_nine_boxes, uniq_terence, uniq_robin

Skill      XL: |  1  2  3  4 |
---------------+-------------+-----
Conjurations   | 1 |  1.3
Stealth        | 3 |  3.0
Dodging        | |  2.9
Spellcasting   | |  2.8
Ice Magic      | |  4.5

Action                     |  1- 3 |  4- 6 || total
---------------------------+-------+-------++-------
  Melee: War axe           |    15 |       ||    15
         Club              |     3 |       ||     3
         Whip              |    36 |    17 ||    53
         Punch             |     1 |       ||     1
  Throw: Dart              |     1 |       ||     1
   Cast: Freeze            |    20 |     5 ||    25
         Frozen Ramparts   |     3 |     3 ||     6
         Magic Dart        |     2 |    15 ||    17
    Use: Potion            |     4 |     1 ||     5
         Scroll            |     2 |       ||     2
   Stab: Sleeping          |     3 |       ||     3
 Armour: Robe              |     8 |     1 ||     9
  Dodge: Dodged            |    43 |    19 ||    62
  Block: Buckler           |       |     2 ||     2
